Map: Ruby Rock LE

Players

예봄이 - Winner!

  • Race: Terran Terran
  • League: Platinum
  • Spawn Location: 11:00

Stick

  • Race: Zerg Zerg
  • League: Silver
  • Spawn Location: 5:00

VOD

Have the link to the VOD?

Description

Time

  • Played on: Jan. 4, 2026, 5:43 a.m.
  • Length: 7:39
Show
View Real Time Build Order
Export as new Build Order

예봄이 Terran - Winner!

Build Orders: Reaper Expand, Hellion Banshee 

Get SALT Encoding   

  12  0:02  SCV  
  12  0:14  SCV  
  12  0:17  Supply Depot  
  12  0:26  SCV  
  12  0:38  SCV  
  12  0:41  Barracks  
  12  0:45  Refinery  
  12  0:51  SCV  
  12  0:54  Refinery  
  12  1:03  SCV  
  12  1:15  SCV  
  12  1:28  Reaper, Orbital Command  
  12  1:34  Supply Depot  
  12  1:43  Factory  
  12  1:54  SCV  
  12  2:00  Reaper  
  12  2:06  SCV  
  12  2:18  SCV  
  12  2:25  Command Center  
  12  2:28  Hellion  
  12  2:30  SCV  
  12  2:33  Reaper  
  12  2:37  Supply Depot  
  12  2:42  SCV  
  12  2:49  Hellion  
  12  2:57  Starport  
  12  2:59  SCV  
  12  3:08  Barracks Reactor  
  12  3:10  Hellion  
  12  3:11  SCV  
  12  3:23  SCV  
  12  3:32  Hellion  
  12  3:36  Starport Tech Lab, SCV, Orbital Command  
  12  3:48  SCV  
  12  3:54  Banshee, Cloaking Field  
  12  3:57  Barracks Tech Lab  
  12  4:00  Hellion x2, SCV  
  12  4:02  SCV  
  12  4:08  Supply Depot  
  12  4:12  SCV  
  12  4:14  SCV  
  12  4:17  Marine, Stimpack  
  12  4:24  SCV  
  12  4:26  SCV  
  12  4:28  Factory Reactor  
  12  4:30  Barracks  
  12  4:34  Supply Depot, Barracks  
  12  4:36  SCV  
  12  4:37  Engineering Bay  
  12  4:38  SCV  
  12  4:42  Banshee  
  12  4:48  Marine, SCV  
  12  4:50  SCV  
  12  4:59  Supply Depot  
  12  5:00  SCV  
  12  5:02  SCV  
  12  5:03  Terran Infantry Weapons Level 1  
  12  5:05  Marine  
  12  5:10  Supply Depot  
  12  5:12  SCV  
  12  5:14  Refinery, SCV  
  12  5:20  Barracks  
  12  5:23  Barracks  
  12  5:24  SCV  
  12  5:26  SCV  
  12  5:30  Marine x4  
  12  5:32  Marine, Siege Tank  
  12  5:38  Supply Depot  
  12  5:40  Supply Depot  
  12  5:43  Starport Reactor  
  12  5:50  Marine  
  12  5:51  Marine x4  
  12  5:53  Supply Depot  
  12  5:54  SCV x2  
  12  6:02  Combat Shield  
  12  6:04  Siege Tank  
  12  6:09  Marine  
  12  6:10  Marine x5, Supply Depot  
  12  6:11  Marine  
  12  6:16  Supply Depot  
  12  6:19  Medivac x2  
  12  6:28  Marine  
  12  6:29  Marine x6  
  12  6:36  Siege Tank  
  12  6:37  Supply Depot  
  12  6:39  Supply Depot  
  12  6:46  Marine x5  
  12  6:47  Marine x2  
  12  6:52  Medivac  
  12  6:56  Medivac  
  12  7:04  Marine x2, Supply Depot  
  12  7:06  Marine, Supply Depot  
  12  7:07  Marine x4  
Show
View Real Time Build Order
Export as new Build Order

Stick Zerg 

Build Orders:  

Get SALT Encoding   

Tags
 
Add a new tag
Caveats
  • Supply blocks, unpowered buildings, or Contaminate may cause inaccurate times.
  • Supply counts are checked every 10 seconds.